 Dungeon Crawl Stone Soup version 0.17-a0-2098-gf59d6bc (webtiles) character file.

92 daawg the Cutter (level 4, -1/28 HPs)
             Began as a Kobold Berserker on Oct 17, 2015.
             Was a Believer of Trog.
             Succumbed to a kobold's poison
             ... on level 3 of the Dungeon.
             The game lasted 00:13:54 (2048 turns).

daawg the Cutter (Kobold Berserker)                 Turns: 2048, Time: 00:13:54

Health: -1/28      AC:  7    Str: 15    XL:     4   Next: 90%
Magic:  4/4        EV: 14    Int:  5    God:    Trog [**....]
Gold:   48         SH:  0    Dex: 16    Spells: 0 memorised, 3 levels left

rFire  . . .     SeeInvis .     a - +0 short sword
rCold  . . .     Clarity  .     e - +0 ring mail
rNeg   . . .     SustAt   .     (shield restricted)
rPois  .         Gourm    .     (no helmet)
rElec  .         Spirit   .     (no cloak)
rCorr  .         Warding  .     n - +1 pair of gloves
rMut   .         Stasis   .     (no boots)
MR     .....                    (no amulet)
Stlth  +.........               (no ring)
                                (no ring)

@: lethally poisoned (-1 -> -21), exhausted, slowed, very slow, not resistant to
hostile enchantments, very unstealthy
A: carnivore 3
a: Burn Spellbooks, Berserk, Trog's Hand, Renounce Religion


You were on level 3 of the Dungeon.
You worshipped Trog.
Trog was pleased with you.
You were full.

You visited 1 branch of the dungeon, and saw 3 of its levels.

You collected 48 gold pieces.

Inventory:

Hand Weapons
 a - a +0 short sword (weapon)
Armour
 b - a +0 animal skin
 e - a +0 ring mail (worn)
 n - a +1 pair of gloves (worn)
Jewellery
 k - an uncursed ring of wizardry
Scrolls
 i - a scroll of fog {unknown}
 j - a scroll of immolation {unknown}
 l - a scroll of teleportation {unknown}
 o - a scroll of random uselessness {unknown}
 p - a scroll of enchant armour {unknown}
 r - a scroll of remove curse
Potions
 f - a potion of ambrosia {unknown}
 g - a potion of curing {unknown}
 h - a potion of mutation {unknown}
 m - a potion of heal wounds
Books
 q - a book of Enchantments

   Spells                             Type                      Level
   a - Cause Fear                     Hexes                        4
   b - Silence                        Hexes/Air                    5
   c - Deflect Missiles               Charms/Air                   6
   d - Haste                          Charms                       6
   e - Discord                        Hexes                        8
   Trog disapproves of the use of such an item.
Comestibles
 c - 3 meat rations
 d - 2 chunks of flesh


   Skills:
 - Level 3.3 Fighting
 + Level 6.8 Short Blades
 - Level 1.5 Armour
 - Level 2.4 Dodging


You had 3 spell levels left.
You didn't know any spells.

Dungeon Overview and Level Annotations

Branches:
Dungeon (3/15)

Altars:
Cheibriados
Nemelex Xobeh
Ru


Innate Abilities, Weirdness & Mutations

You are small and have problems with some larger weapons.
You are carnivorous and can eat meat at any time.


Message History

Items here: ( )) รท an uncursed short sword of venom; an uncursed blowgun; 3 poisoned needles an adder skeleton You feel a strong urge to attack something.
* * * LOW HITPOINT WARNING * * *
You feel sick.
Things that are here:
a short sword; 2 stones; a kobold corpse You are too berserk!
* * * LOW HITPOINT WARNING * * *
You feel sick.
You feel your anger subside.
You are no longer berserk.
You are exhausted.
You feel yourself slow down.
* * * LOW HITPOINT WARNING * * *
You feel sick.
* * * LOW HITPOINT WARNING * * *
You feel sick.
You die...

#..............
#..............
#..............
#....<.(.......
#.[.....!..###
#(.....(...####
#......(.......
#......(....._.
#....@.....#...
#######)#.## #.
####)#.#
#...(#.#
#$####.# #. K.
.## #.


There were no monsters in sight!

Vanquished Creatures
  5 adders
  2 worms (D:2)
  A giant gecko (D:1)
  2 giant cockroaches
  6 hobgoblins
  2 jackals (D:1)
  5 kobolds
  A ball python (D:1)
  4 bats
  2 giant newts
  6 goblins
  7 rats
43 creatures vanquished.

Notes
Turn   | Place    | Note
--------------------------------------------------------------
     0 | D:1      | daawg the Kobold Berserker began the quest for the Orb.
     0 | D:1      | Reached XP level 1. HP: 14/14 MP: 1/1
    92 | D:1      | Reached XP level 2. HP: 14/19 MP: 2/2
   274 | D:1      | Reached skill level 5 in Short Blades
   479 | D:1      | Reached XP level 3. HP: 23/23 MP: 3/3
  1041 | D:2      | HP: 1/23 [poisoned by an adder]
  1350 | D:2      | Reached skill level 6 in Short Blades
  1362 | D:2      | Found a sacrificial altar of Ru.
  1379 | D:2      | Reached XP level 4. HP: 25/28 MP: 4/4
  1387 | D:2      | Reached ** piety under Trog
  1463 | D:2      | Found a sparkling altar of Nemelex Xobeh.
  1998 | D:3      | Found a snail-covered altar of Cheibriados.
  2048 | D:3      | Succumbed to a kobold's poison

Vault maps used:
D:1:      lightli_arrival_noodles, minivault_4
D:2:      old_standard_altar, nemelex_xobeh_ov_fountains_minmay, minivault_19,
          due_unseen_surprise
D:3:      cheibriados_altar_1

Action                   |  1- 3 |  4- 6 || total
-------------------------+-------+-------++-------
Melee: Short sword       |   102 |   103 ||   205
Invok: Berserk           |     1 |     2 ||     3
  Use: Scroll            |     1 |     1 ||     2
 Stab: Sleeping          |     1 |       ||     1
  Eat: Chunk             |     7 |     4 ||    11
